 Dungeon Crawl Stone Soup version 0.30.0-18-gc0e69614cb (webtiles) character file.

Game seed: 8774224753787031736

121 olmar the Ducker (level 5, 0/47 HPs)
             Began as a Gnoll Monk on May 24, 2023.
             Slain by an adder (3 damage)
             ... on level 3 of the Dungeon.
             The game lasted 00:02:11 (1925 turns).

olmar the Ducker (Gnoll Monk)                       Turns: 1925, Time: 00:02:11

Health: 0/47       AC:  2    Str: 11    XL:     5   Next: 5%
Magic:  7/7        EV: 15    Int: 11    God:
Gold:   130        SH:  0    Dex: 15    Spells: 6/6 levels left

rFire   + + .        o - +4 battleaxe of Action {elec, rF++ Str-5}
rCold   . . .        (shield currently unavailable)
rNeg    . . .        b - +0 robe
rPois   .            (no helmet)
rElec   .            (no cloak)
rCorr   .            (no gloves)
SInv    .            (no boots)
Will    .....        (no amulet)
Stlth   +            r - +6 ring of strength
HPRegen 0.27/turn    (no ring)
MPRegen 0.10/turn

%: no passive effects
@: confused, lethally poisoned (0 -> -14), ambrosia-drunk, flying
A: fangs 1, strong nose, distributed training
a: no special abilities


You were on level 3 of the Dungeon.
You visited 1 branch of the dungeon, and saw 3 of its levels.

You collected 130 gold pieces.

Inventory:

Hand Weapons
 a - a +0 mace
 o - the +4 battleaxe of Action (weapon) {elec, rF++ Str-5}
   (You found it on level 2 of the Dungeon)

   Str:       It affects your strength (-5).
   rF:        It greatly protects you from fire.
Missiles
 l - 4 atropa-tipped darts
 q - 3 javelins (quivered)
Armour
 b - a +0 robe (worn)
 d - an orb of light
 t - a +0 scale mail of fire resistance
Jewellery
 r - a +6 ring of strength (left hand)
Wands
 s - a wand of iceblast (11)
Scrolls
 g - a scroll of identify {unknown}
 h - 4 scrolls of magic mapping {unknown}
 i - a scroll of enchant weapon {unknown}
 m - a scroll of acquirement {unknown}
 n - 2 scrolls of amnesia {unknown}
 p - 2 scrolls of teleportation {unknown}
 u - a scroll of fear {unknown}
 v - a scroll of immolation {unknown}
Potions
 c - 2 potions of ambrosia
 e - a potion of experience {unknown}
 f - a potion of might {unknown}
 j - 2 potions of flight
 k - 2 potions of curing {unknown}


   Skills:
 + Level 6.6 Fighting
 + Level 1.4 Short Blades
 + Level 1.4 Long Blades
 + Level 1.4 Axes
 + Level 6.6 Maces & Flails
 + Level 1.4 Polearms
 + Level 1.4 Staves
 + Level 1.4 Ranged Weapons
 + Level 1.4 Throwing
 + Level 1.4 Armour
 + Level 6.6 Dodging
 + Level 1.4 Stealth
 + Level 1.4 Shields
 + Level 1.4 Unarmed Combat
 + Level 1.4 Spellcasting
 + Level 1.1 Conjurations
 + Level 1.1 Hexes
 + Level 1.1 Summonings
 + Level 1.1 Necromancy
 + Level 1.1 Translocations
 + Level 1.1 Transmutations
 + Level 1.1 Fire Magic
 + Level 1.1 Ice Magic
 + Level 1.1 Air Magic
 + Level 1.1 Earth Magic
 + Level 1.1 Poison Magic
 + Level 1.5 Invocations
 + Level 1.4 Evocations


You had 6 spell levels left.
You didn't know any spells.
Your spell library contained the following spells:

 Spells                   Type           Power      Damage    Failure   Level
 Dazzling Flash           Conj/Hex       6%         N/A       52%         3
 Ozocubu's Armour         Ice            3%         N/A       52%         3
 Volatile Blastmotes      Fire/Tloc      6%         2d10      52%         3
 Iskenderun's Mystic Bla  Conj/Tloc      3%         2d3       89%         4
 Metabolic Englaciation   Hex/Ice        1%         N/A       99%         5
 Simulacrum               Ice/Necr       1%         N/A       100%        6
 Starburst                Conj/Fire      1%         6d3       100%        6


Dungeon Overview and Level Annotations

Branches:
Dungeon (3/15)

Altars:

Annotations:
D:3 Terence


Innate Abilities, Weirdness & Mutations

You have very sharp teeth.
Your uncanny sense of smell can sniff out nearby items.
Your experience applies equally to all skills.


Message History

Unknown command.
You are too injured to fight recklessly!
There is a lethal amount of poison in your body!
Unknown command.
Okay, then.
You are confused.
You feel invigorated.
You feel very sick. The jackal barely misses you.
The jackal bites you but does no damage.
Terence barely misses you. The jackal misses you.
The jackal closely misses you.
The adder hisses angrily.
You slice the jackal!!
You kill the jackal!
You miss the adder. You barely miss Terence. You completely miss the jackal.
You feel very sick. The adder closely misses you. The jackal bites you.
Terence looks scornfully at you.
Terence hits you with a +1 hand axe of venom.
The adder closely misses you. The jackal attacks as you move away!
The jackal barely misses you. The jackal attacks as you move away!
The jackal barely misses you. Terence attacks as you move away!
Terence hits you with a +1 hand axe of venom!
* * * LOW HITPOINT WARNING * * *
You are more poisoned.
* * * LOW HITPOINT WARNING * * *
You feel very sick.
It was a potion of flight.
You feel very buoyant.
You fly up into the air.
* * * LOW HITPOINT WARNING * * *
You feel very sick.
The jackal closely misses you. x2; The adder bites you.
* * * LOW HITPOINT WARNING * * *
The jackal closely misses you. Terence barely misses you. The jackal bites you.
* * * LOW HITPOINT WARNING * * *
The jackal closely misses you. The adder bites you.
You die...

.............
............
#...........
#.......(...
#...........
#.....S....).
#...Kl.......
#.h@h†........
#..@h.........
#...S.........
##............
##...........
##..........
##.........
###########........
#..................
##'#########........


You could see Terence, 2 adders, 3 jackals, a kobold and a frilled lizard.

Vanquished Creatures
  A jelly (D:2)
  Jessica (D:2)
  An adder (D:2)
  A worm (D:2)
  6 ball pythons
  5 bats
  5 endoplasms
  2 giant cockroaches (D:1)
  3 goblins
  3 hobgoblins
  4 jackals
  6 kobolds
  A quokka (D:1)
  5 frilled lizards
  5 rats
49 creatures vanquished.

Notes
Turn   | Place    | Note
-------+----------+-------------------------------------------
     0 | D:1      | olmar the Gnoll Monk began the quest for the Orb.
     0 | D:1      | Reached XP level 1. HP: 23/23 MP: 1/1
   161 | D:1      | Reached XP level 2. HP: 28/29 MP: 2/2
   548 | D:1      | Reached XP level 3. HP: 35/35 MP: 3/3
   773 | D:1      | Reached skill level 1 in Invocations
   962 | D:2      | Found a faded altar of an unknown god.
  1009 | D:2      | Identified the +4 battleaxe of Action {elec, rF++ Str-5}
  1052 | D:2      | Reached skill level 1 in Short Blades
  1052 | D:2      | Reached skill level 1 in Long Blades
  1052 | D:2      | Reached skill level 1 in Axes
  1052 | D:2      | Reached skill level 1 in Polearms
  1052 | D:2      | Reached skill level 1 in Staves
  1052 | D:2      | Reached skill level 1 in Ranged Weapons
  1052 | D:2      | Reached skill level 1 in Throwing
  1052 | D:2      | Reached skill level 1 in Armour
  1052 | D:2      | Reached skill level 1 in Stealth
  1052 | D:2      | Reached skill level 1 in Shields
  1052 | D:2      | Reached skill level 1 in Unarmed Combat
  1052 | D:2      | Reached skill level 1 in Spellcasting
  1052 | D:2      | Reached skill level 1 in Evocations
  1152 | D:2      | Noticed Jessica
  1268 | D:2      | Killed Jessica
  1269 | D:2      | Reached XP level 4. HP: 35/41 MP: 5/5
  1419 | D:2      | Reached skill level 1 in Conjurations
  1419 | D:2      | Reached skill level 1 in Hexes
  1419 | D:2      | Reached skill level 1 in Summonings
  1419 | D:2      | Reached skill level 1 in Necromancy
  1419 | D:2      | Reached skill level 1 in Translocations
  1419 | D:2      | Reached skill level 1 in Transmutations
  1419 | D:2      | Reached skill level 1 in Fire Magic
  1419 | D:2      | Reached skill level 1 in Ice Magic
  1419 | D:2      | Reached skill level 1 in Air Magic
  1419 | D:2      | Reached skill level 1 in Earth Magic
  1419 | D:2      | Reached skill level 1 in Poison Magic
  1760 | D:2      | Reached XP level 5. HP: 46/47 MP: 7/7
  1914 | D:3      | Noticed Terence
  1925 | D:3      | Slain by an adder

Illustrated notes

Levels and vault maps discovered:
D:1:      elethiomel_arrival_maze, layout_loops_ring, serial_glass,
          glass_columns_a, glass_columns_a
D:2:      layout_rooms, nicolae_ecumenical_pavilion, uniq_jessica
D:3:      layout_basic, uniq_natasha, uniq_terence

Skill      XL: |  1  2  3  4 |
---------------+-------------+-----
Invocations    | 1 |  1.5
Short Blades   | 1 |  1.4
Long Blades    | 1 |  1.4
Axes           | 1 |  1.4
Polearms       | 1 |  1.4
Staves         | 1 |  1.4
Ranged Weapons | 1 |  1.4
Throwing       | 1 |  1.4
Armour         | 1 |  1.4
Stealth        | 1 |  1.4
Shields        | 1 |  1.4
Unarmed Combat | 1 |  1.4
Spellcasting   | 1 |  1.4
Evocations     | 1 |  1.4
Conjurations   | 1 |  1.1
Hexes          | 1 |  1.1
Summonings     | 1 |  1.1
Necromancy     | 1 |  1.1
Translocations | 1 |  1.1
Transmutations | 1 |  1.1
Fire Magic     | 1 |  1.1
Ice Magic      | 1 |  1.1
Air Magic      | 1 |  1.1
Earth Magic    | 1 |  1.1
Poison Magic   | 1 |  1.1
Fighting       | |  6.6
Maces & Flails | |  6.6
Dodging        | |  6.6

Action                     |  1- 3 |  4- 6 || total
---------------------------+-------+-------++-------
  Melee: Mace              |    63 |       ||    63
         Bite              |     7 |     4 ||    11
         Battleaxe         |     8 |    42 ||    50
  Throw: Dart              |     3 |       ||     3
         Javelin           |       |     1 ||     1
    Use: Potion            |       |     2 ||     2
   Stab: Sleeping          |     1 |       ||     1
         Invisible         |     1 |       ||     1
 Armour: Robe              |    12 |    11 ||    23
  Dodge: Dodged            |    49 |    48 ||    97
